General information
- name: BNet
- type: Ladder team game (AT/RT)
- host: Battle.net
- saver: FELLATIO-MASTER
map: Deadlands
- players: 8
- length: 16:02
- speed: Fast
- version: 1.26 W3XP
- replay type: Public
» download(99 KB)
Players
team 1 (loser)
general_birdman (
pink | 59 APM | 944 actions | 16:02)
4 Firelord
2 Soul Burn
2 Incinerate
2 Archmage
1 Blizzard
1 Brilliance Aura
» actions
| Assign group hotkey | 24 | |
| Basic commands | 32 | |
| Build / train | 69 | |
| ESC pressed | 4 | |
| Enter build submenu | 26 | |
| Enter hero's abilities submenu | 6 | |
| Give item / drop item | 3 | |
| Right click | 315 | |
| Select / deselect | 177 | |
| Select group hotkey | 232 | |
| Use ability | 56 | |
944 total
» units
| Peasant | 18 | |
| Footman | 3 | |
| Rifleman | 10 | |
| Voidwalker | 1 | |
| Mortar Team | 6 | |
| Knight | 3 | |
41 total
» upgrades
| Gunpowder | 1 | |
| Lumber Harvesting | 2 | |
| Masonry | 2 | |
| Long Rifles | 1 | |
| Fragmentation Shards | 1 | |
| Flare | 1 | |
| Ranged Weapons | 1 | |
9 total
» buildings
| Barracks | 1 | |
| Altar of Kings | 1 | |
| Farm | 7 | |
| Lumber Mill | 1 | |
| Blacksmith | 1 | |
| Arcane Vault | 1 | |
| Keep | 1 | |
| Town Hall | 1 | |
| Workshop | 2 | |
| Castle | 1 | |
| Scout Tower | 1 | |
| Fortress | 1 | |
| Beastiary | 4 | |
| Orc Burrow | 2 | |
| Guard Tower | 1 | |
26 total
» build order
00:15 Barracks
00:22 Altar of Kings
00:36 Farm
01:06 Farm
01:37 Farm
01:49 Lumber Mill
02:15 Blacksmith
02:52 Arcane Vault
03:26 Keep
03:45 Farm
05:37 Town Hall
05:57 Workshop
07:04 Farm
07:06 Farm
08:16 Castle
08:56 Farm
11:23 Workshop
11:57 Scout Tower
15:15 Fortress
15:19 Beastiary
15:21 Beastiary
15:24 Beastiary
15:29 Beastiary
15:36 Orc Burrow
15:39 Orc Burrow
15:58 Guard Tower
» items
| Scroll of Regeneration | 2 | |
| Scroll of Town Portal | 1 | |
| Scroll of Healing | 1 | |
| Scroll of Protection | 1 | |
| Potion of Lesser Invulnerability | 1 | |
6 total

»
FELLATIO-MASTER (
yellow | 22 APM | 357 actions | 16:02)
1 Paladin
1 Holy Light
» actions
| Assign group hotkey | 19 | |
| Basic commands | 8 | |
| Build / train | 25 | |
| Enter build submenu | 15 | |
| Enter hero's abilities submenu | 1 | |
| Right click | 122 | |
| Select / deselect | 63 | |
| Select group hotkey | 73 | |
| Use ability | 31 | |
357 total
» units
» buildings
| Altar of Kings | 1 | |
| Farm | 12 | |
| Scout Tower | 2 | |
| Arcane Tower | 2 | |
17 total
» build order
03:06 Altar of Kings
03:10 Farm
03:12 Farm
03:20 Farm
03:28 Farm
05:42 Scout Tower
05:44 Scout Tower
06:17 Arcane Tower
06:18 Arcane Tower
07:39 Farm
07:41 Farm
08:19 Farm
08:40 Farm
08:43 Farm
08:46 Farm
08:48 Farm
11:08 Farm
killerz143 (
green | 32 APM | 407 actions | 12:49)
1 Mountain King
1 Storm Bolt
» actions
| Assign group hotkey | 18 | |
| Build / train | 33 | |
| ESC pressed | 3 | |
| Enter build submenu | 21 | |
| Enter hero's abilities submenu | 1 | |
| Right click | 158 | |
| Select / deselect | 118 | |
| Select group hotkey | 33 | |
| Use ability | 22 | |
407 total
» units
» upgrades
| Swords | 2 | |
| Plating | 2 | |
| Animal War Training | 1 | |
5 total
» buildings
| Barracks | 2 | |
| Altar of Kings | 1 | |
| Farm | 14 | |
| Lumber Mill | 1 | |
| Blacksmith | 1 | |
| Keep | 1 | |
| Arcane Vault | 1 | |
| Castle | 1 | |
22 total
» build order
00:24 Barracks
00:50 Altar of Kings
00:55 Farm
01:35 Farm
01:39 Lumber Mill
02:09 Blacksmith
02:53 Farm
03:38 Farm
03:44 Farm
04:17 Keep
04:21 Farm
04:38 Farm
05:13 Arcane Vault
05:18 Farm
06:11 Farm
06:28 Barracks
06:55 Castle
07:46 Farm
07:50 Farm
08:35 Farm
08:39 Farm
11:51 Farm
pedo_bear (
blue | 16 APM | 205 actions | 13:03)
1 Blademaster
1 Mirror Image
» actions
| Basic commands | 25 | |
| Build / train | 25 | |
| Enter build submenu | 16 | |
| Enter hero's abilities submenu | 1 | |
| Right click | 46 | |
| Select / deselect | 80 | |
| Use ability | 12 | |
205 total
» units
» buildings
| Orc Burrow | 4 | |
| Altar of Storms | 1 | |
| War Mill | 1 | |
| Voodoo Lounge | 1 | |
| Watch Tower | 2 | |
| Barracks | 1 | |
| Stronghold | 1 | |
11 total
» build order
00:13 Orc Burrow
00:49 Altar of Storms
01:12 Orc Burrow
01:32 War Mill
02:15 Voodoo Lounge
02:22 Orc Burrow
03:02 Watch Tower
03:31 Barracks
04:54 Watch Tower
06:14 Orc Burrow
06:49 Stronghold
team 2 (winner)

»
hurrhurrrhurrr (
red | 77 APM | 1233 actions | 16:02)
3 Blademaster
1 Mirror Image
1 Wind Walk
1 Critical Strike
2 Shadow Hunter
1 Hex
1 Healing Wave
» actions
| Assign group hotkey | 158 | |
| Basic commands | 1 | |
| Build / train | 57 | |
| ESC pressed | 2 | |
| Enter build submenu | 37 | |
| Enter hero's abilities submenu | 5 | |
| Right click | 470 | |
| Select / deselect | 215 | |
| Select group hotkey | 237 | |
| Use ability | 51 | |
1233 total
» units
» upgrades
| Spiked Barricades | 3 | |
| Armor | 1 | |
| Ranged Weapons | 1 | |
| Shaman Training | 2 | |
| Reinforced Defenses | 1 | |
| Envenomed Spears | 1 | |
9 total
» buildings
| Orc Burrow | 6 | |
| War Mill | 2 | |
| Watch Tower | 13 | |
| Altar of Storms | 1 | |
| Voodoo Lounge | 1 | |
| Great Hall | 2 | |
| Stronghold | 1 | |
| Beastiary | 2 | |
| Fortress | 1 | |
| Spirit Lodge | 1 | |
30 total
» build order
00:18 Orc Burrow
00:28 War Mill
02:51 Watch Tower
03:00 Watch Tower
03:32 Watch Tower
03:43 Watch Tower
03:58 Orc Burrow
04:05 Watch Tower
04:14 Watch Tower
04:31 Watch Tower
04:35 Altar of Storms
04:44 Watch Tower
04:50 Voodoo Lounge
05:19 Great Hall
05:22 Great Hall
05:34 Stronghold
05:50 Watch Tower
05:59 War Mill
06:08 Watch Tower
06:38 Watch Tower
07:02 Watch Tower
07:30 Watch Tower
08:43 Beastiary
09:17 Beastiary
09:45 Fortress
10:31 Orc Burrow
10:49 Spirit Lodge
14:51 Orc Burrow
14:55 Orc Burrow
15:36 Orc Burrow
» items
| Potion of Healing | 4 | |
| Scroll of Speed | 3 | |
| Healing Salve | 1 | |
| Orb of Lightning | 2 | |
| Scroll of Town Portal | 2 | |
12 total
Hardarse (
purple | 75 APM | 1198 actions | 16:02)
5 Death Knight
3 Death Coil
2 Unholy Aura
4 Lich
2 Frost Nova
2 Frost Armor
» actions
| Assign group hotkey | 20 | |
| Basic commands | 40 | |
| Build / train | 43 | |
| Enter build submenu | 13 | |
| Enter hero's abilities submenu | 9 | |
| Give item / drop item | 8 | |
| Right click | 406 | |
| Select / deselect | 197 | |
| Select group hotkey | 415 | |
| Use ability | 47 | |
1198 total
» units
| Acolyte | 2 | |
| Ghoul | 3 | |
| Crypt Fiend | 15 | |
| Obsidian Statue | 3 | |
23 total
» upgrades
| Web | 1 | |
| Creature Attack | 2 | |
| Creature Carapace | 1 | |
4 total
» buildings
| Crypt | 1 | |
| Graveyard | 1 | |
| Altar of Darkness | 1 | |
| Ziggurat | 7 | |
| Tomb of Relics | 1 | |
| Halls of the Dead | 1 | |
| Slaughterhouse | 1 | |
| Black Citadel | 1 | |
| Necropolis | 1 | |
15 total
» build order
00:10 Crypt
00:12 Graveyard
00:40 Altar of Darkness
00:56 Ziggurat
01:52 Tomb of Relics
01:59 Ziggurat
03:44 Halls of the Dead
04:50 Ziggurat
05:36 Ziggurat
06:19 Slaughterhouse
09:07 Ziggurat
10:21 Black Citadel
11:37 Ziggurat
14:39 Necropolis
15:59 Ziggurat
» items

»
cody.marry.me (
teal | 62 APM | 990 actions | 16:02)
3 Keeper of the Grove
2 Entangling Roots
1 Force of Nature
» actions
| Assign group hotkey | 22 | |
| Build / train | 66 | |
| Enter build submenu | 21 | |
| Enter hero's abilities submenu | 3 | |
| Remove unit from queue | 4 | |
| Right click | 646 | |
| Select / deselect | 181 | |
| Select group hotkey | 12 | |
| Use ability | 35 | |
990 total
» units
» upgrades
| Improved Bows | 1 | |
| Strength of the Wild | 3 | |
| Reinforced Hides | 1 | |
| Corrosive Breath | 1 | |
6 total
» buildings
| Altar of Elders | 1 | |
| Moon Well | 9 | |
| Ancient of War | 2 | |
| Tree of Ages | 1 | |
| Hunter's Hall | 1 | |
| Tree of Life | 1 | |
| Tree of Eternity | 2 | |
| Ancient of Wind | 1 | |
| Chimaera Roost | 3 | |
| Ancient of Wonders | 1 | |
22 total
» build order
00:23 Altar of Elders
00:39 Moon Well
00:53 Ancient of War
01:44 Moon Well
02:07 Moon Well
02:20 Ancient of War
05:01 Tree of Ages
05:25 Hunter's Hall
05:32 Moon Well
06:08 Moon Well
06:53 Tree of Life
07:06 Moon Well
07:14 Moon Well
07:26 Tree of Eternity
07:30 Ancient of Wind
08:44 Moon Well
09:53 Chimaera Roost
10:09 Chimaera Roost
10:14 Chimaera Roost
13:51 Ancient of Wonders
15:48 Moon Well
» items
| Scroll of Town Portal | 1 | |
| Dust of Appearance | 1 | |
2 total

»
Hack_more_pLz (
orange | 41 APM | 665 actions | 16:02)
4 Dreadlord
2 Vampiric Aura
2 Sleep
» actions
| Build / train | 56 | |
| Enter build submenu | 23 | |
| Enter hero's abilities submenu | 4 | |
| Remove unit from queue | 1 | |
| Right click | 357 | |
| Select / deselect | 188 | |
| Use ability | 36 | |
665 total
» units
| Acolyte | 8 | |
| Ghoul | 23 | |
| Frost Wyrm | 1 | |
32 total
» upgrades
| Unholy Strength | 3 | |
| Creature Attack | 2 | |
| Creature Carapace | 1 | |
| Unholy Armor | 1 | |
| Freezing Breath | 1 | |
8 total
» buildings
| Crypt | 2 | |
| Altar of Darkness | 1 | |
| Ziggurat | 13 | |
| Nerubian Tower | 4 | |
| Graveyard | 1 | |
| Halls of the Dead | 1 | |
| Spirit Tower | 2 | |
| Sacrificial Pit | 1 | |
| Black Citadel | 1 | |
| Boneyard | 3 | |
| Tomb of Relics | 1 | |
30 total
» build order
00:25 Crypt
00:32 Altar of Darkness
00:36 Ziggurat
00:43 Ziggurat
00:59 Ziggurat
01:42 Nerubian Tower
02:23 Crypt
02:43 Ziggurat
04:53 Ziggurat
06:09 Ziggurat
07:04 Graveyard
08:09 Halls of the Dead
08:12 Nerubian Tower
08:41 Ziggurat
08:42 Ziggurat
08:44 Ziggurat
08:46 Ziggurat
08:47 Ziggurat
10:13 Nerubian Tower
10:14 Nerubian Tower
10:16 Spirit Tower
10:59 Sacrificial Pit
11:01 Black Citadel
11:30 Ziggurat
11:44 Ziggurat
12:49 Spirit Tower
13:38 Boneyard
14:19 Tomb of Relics
14:54 Boneyard
14:55 Boneyard
» items
| Healing Salve | 1 | |
| Scroll of Speed | 1 | |
2 total
Chat log
(00:28 / Allies) general_birdman: yo
(00:30 / Allies) general_birdman: wut units
(00:32 / Allies) pedo_bear: hey
(00:36 / Allies) pedo_bear: grunts raiders
(00:39 / All) killerz143: AFK FUCK IT FUCK YOU
(00:46 / Allies) killerz143: me ill go kinghts
(00:55 / Allies) general_birdman: rifle caster hee
(03:17 / Allies) killerz143: raze
(03:21 / Allies) killerz143: raze zxc
(03:38 / Allies) pedo_bear: watch here your building
(03:45 / Allies) FELLATIO-MASTER: wat
(03:52 / Allies) pedo_bear: my bad
(03:55 / Allies) pedo_bear: u trappe dme
(03:57 / Allies) FELLATIO-MASTER: WTF
(03:58 / Allies) pedo_bear: let me out
(04:00 / Allies) FELLATIO-MASTER: blue hero is strapped
(04:07 / Allies) pedo_bear: what
(04:10 / Allies) FELLATIO-MASTER: 'wtf
(04:13 / Allies) pedo_bear: u trapped me
(04:14 / Allies) FELLATIO-MASTER: what happened?
(04:19 / Allies) FELLATIO-MASTER: oh i did
(04:19 / Allies) pedo_bear: i cant get out
(04:21 / Allies) FELLATIO-MASTER: ?
(04:43 / Allies) pedo_bear: remove one of your buildingd then put it back
(04:47 / Allies) FELLATIO-MASTER: ok
(04:55 / Allies) FELLATIO-MASTER: unsummon my farms u mean?
(04:57 / Allies) FELLATIO-MASTER: right?
(05:00 / Allies) pedo_bear: yeah
(05:03 / Allies) FELLATIO-MASTER: k
(05:10 / Allies) FELLATIO-MASTER: getting my workers to do it now
(05:14 / Allies) pedo_bear: k
(05:18 / Allies) pedo_bear: thx
(05:24 / Allies) FELLATIO-MASTER: ur welcome pedo bear
(05:28 / Allies) FELLATIO-MASTER: we make a great team
(05:35 / Allies) pedo_bear: yes lol
(05:56 / Allies) pedo_bear: almost done?
(05:59 / Allies) FELLATIO-MASTER: yea
(06:03 / Allies) FELLATIO-MASTER: finding the hotkey now
(06:07 / Allies) FELLATIO-MASTER: for unsummoning
(06:28 / Allies) pedo_bear: i think u have to destroy it u can only unsomon with undead
(06:35 / Allies) pedo_bear: just destroy one farm and put it back
(06:49 / Allies) FELLATIO-MASTER: okay
(07:01 / Allies) pedo_bear: this one
(07:14 / Allies) general_birdman: bolt
(07:19 / Allies) general_birdman: ...
(07:21 / Allies) pedo_bear: so i can get out
(07:21 / Allies) general_birdman: GEREEN
(07:23 / Allies) FELLATIO-MASTER: stop blue
(07:24 / Allies) FELLATIO-MASTER: wtf
(07:28 / Allies) pedo_bear: i need to get out
(07:32 / Allies) pedo_bear: just put it back
(07:37 / Allies) pedo_bear: ill give u the resources
(07:49 / Allies) pedo_bear: fucking let me out
(07:53 / Allies) FELLATIO-MASTER: dude
(07:54 / Allies) FELLATIO-MASTER: stop
(07:59 / Allies) pedo_bear: im stuck
(07:59 / Allies) FELLATIO-MASTER: they are farms
(08:00 / Allies) FELLATIO-MASTER: let me
(08:03 / Allies) FELLATIO-MASTER: unsummon them
(08:06 / Allies) FELLATIO-MASTER: so i can get full resources
(08:19 / Allies) pedo_bear: ill just gicve u some
(08:23 / Allies) FELLATIO-MASTER: ok
(08:27 / Allies) FELLATIO-MASTER: but i want my resources back
(08:32 / Allies) FELLATIO-MASTER: cuz if u unsummon u get them back
(08:33 / Allies) pedo_bear: just destor one and okay
(08:50 / Allies) pedo_bear: ill give u the resources after one farm is gone so i can get out
(08:53 / Allies) FELLATIO-MASTER: hold on
(08:56 / Allies) FELLATIO-MASTER: let me unsummon
(09:11 / Allies) pedo_bear: stop building over here
(09:16 / Allies) FELLATIO-MASTER: for whatever reason its not unsummoning
(09:17 / Allies) FELLATIO-MASTER: okay
(09:22 / Allies) FELLATIO-MASTER: ill stop
(09:22 / Allies) pedo_bear: cuz ur human
(09:25 / Allies) FELLATIO-MASTER: why cant i unsummon
(09:30 / Allies) FELLATIO-MASTER: oh human cant?
(09:31 / Allies) pedo_bear: only undead can
(09:43 / Allies) FELLATIO-MASTER: u sure
(09:44 / Allies) FELLATIO-MASTER: about that?
(09:48 / Allies) pedo_bear: lemme destroy one fam so i can get out ill giv eu resources back
(09:51 / Allies) pedo_bear: and yes im sure
(09:55 / Allies) FELLATIO-MASTER: but u wanted me
(10:00 / Allies) pedo_bear: ill give the resources back
(10:02 / Allies) FELLATIO-MASTER: to remove it
(10:04 / Allies) FELLATIO-MASTER: let me remove it plz
(10:05 / Allies) pedo_bear: just let me get out
(10:05 / Allies) FELLATIO-MASTER: not u
(10:12 / Allies) pedo_bear: fucking stop
(10:13 / Allies) FELLATIO-MASTER: it isnt right for friend to atack friends
(10:22 / Allies) killerz143: help guys come on
(10:29 / Allies) pedo_bear: this douchbaf trapped me
(10:34 / Allies) FELLATIO-MASTER: wtf
(10:59 / Allies) pedo_bear: ims sick of your shit
(11:03 / Allies) FELLATIO-MASTER: wtf
(11:04 / Allies) FELLATIO-MASTER: sop
(11:07 / Allies) pedo_bear: let me out
(11:37 / All) hurrhurrrhurrr: lol
(11:51 / Allies) FELLATIO-MASTER: blue we are freinds wtf
(12:00 / Allies) general_birdman: wood
(12:07 / Allies) pedo_bear: u wont let me out
(12:15 / Allies) FELLATIO-MASTER: ok ok let me remove farms plz
(12:17 / Allies) FELLATIO-MASTER: not u
(12:21 / Allies) pedo_bear: stop
(12:45 / Allies) pedo_bear: will u fucking stop
(12:53 / Allies) FELLATIO-MASTER: lol
(12:56 / Allies) FELLATIO-MASTER: u started it friend
(12:57 / All) pedo_bear: fuck you faggot